 Dungeon Crawl Stone Soup version 0.26-a0-708-g17f3b190f9 (webtiles) character file.

Game seed: 18359146738294771260

122422 strifetoe the Basher (level 16, 0/154 HPs)
             Began as a Palentonga Fighter on Oct 29, 2020.
             Was the Champion of Okawaru.
             Slain by a jumping spider (4 damage)
             ... on level 3 of the Spider Nest.
             The game lasted 00:58:56 (36610 turns).

strifetoe the Basher (Palentonga Fighter)          Turns: 36610, Time: 00:58:56

Health: 0/154      AC: 43    Str: 34    XL:     16   Next: 34%
Magic:  19/19      EV:  8    Int:  5    God:    Okawaru [******]
Gold:   1814       SH:  0    Dex: 31    Spells: 15/15 levels left

rFire    + . .     SeeInvis +   b - +12 flail "Tian" {vamp, rElec rN+ Int-4 Dex+3}
rCold    + . .     Faith    .   u - +3 kite shield of Wu Jian's Castigation {Dex+8}
rNeg     + . .     Spirit   .   M - +11 chain mail of the Gastropod {MR+ Str+5}
rPois    +         Reflect  .   B - +2 helmet
rElec    +         Harm     .   T - scarf {rC+ rF+}
rCorr    .         Rampage  .   t - +2 pair of gloves
MR       ++...                  v - +1 barding {Stlth+}
Stlth    ..........             L - amulet of the acrobat
HPRegen  0.35/turn              A - +6 ring of dexterity
MPRegen  0.16/turn              S - ring "Zisoic Edewn" {rPois Str+7}

@: held, studying Polearms
A: large, rugged brown scales 3, see invisible, deformed body, roll, armoured
tail, reflexive curl
a: Rolling Charge, Heroism, Finesse, Renounce Religion


You were on level 3 of the Spider Nest.
You worshipped Okawaru.
Okawaru was exalted by your worship.
You visited 5 branches of the dungeon, and saw 27 of its levels.

You collected 3062 gold pieces.
You spent 1248 gold pieces at shops.

Inventory:

Hand Weapons
 a - the +3 morningstar "Newtbane" {vorpal, Str+4}
   (You bought it in a shop on level 5 of the Dungeon)

   It inflicts extra damage upon your enemies.
   It affects your strength (+4).
 b - the +12 flail "Tian" (weapon) {vamp, rElec rN+ Int-4 Dex+3}
   (You took it off an orc wizard on level 1 of the Orcish Mines)

   It inflicts no extra harm, but heals its wielder when it wounds a living foe.
   It affects your intelligence (-4).
   It affects your dexterity (+3).
   It insulates you from electricity.
   It protects you from negative energy.
 c - the +6 morningstar "Oqigh" {flame, Str+2}
   (You found it on level 2 of the Spider Nest)

   It has been specially enchanted to burn those struck by it, causing extra
   injury to most foes and up to half again as much damage against particularly
   susceptible opponents.
   It affects your strength (+2).
 E - a +4 morningstar
Missiles
 w - 11 javelins (quivered)
Armour
 t - a +2 pair of gloves (worn)
 u - the +3 kite shield of Wu Jian's Castigation (worn) {Dex+8}
   (You took it off Asterion on level 2 of the Spider Nest)

   It affects your dexterity (+8).
 v - a +1 barding of stealth (worn)
 y - a +3 scale mail of cold resistance
 B - a +2 helmet (worn)
 M - the +11 chain mail of the Gastropod (worn) {MR+ Str+5}
   (You found it on level 13 of the Dungeon)

   It affects your strength (+5).
   It affects your resistance to hostile enchantments.
 T - a scarf of resistance (worn)
Jewellery
 d - an uncursed ring of resist corrosion
 q - an uncursed ring of protection from cold
 A - a +6 ring of dexterity (left hand)
 H - an uncursed ring of protection from cold
 L - an amulet of the acrobat (around neck)
 P - the ring of Biutodegh {+Blink +Fly rElec Stlth+}
   (You acquired it on level 14 of the Dungeon)

   [ring of stealth]

   It insulates you from electricity.
   It lets you fly.
   It lets you blink.
   It makes you more stealthy.
 S - the ring "Zisoic Edewn" (right hand) {rPois Str+7}
   (You bought it in a shop on level 1 of the Orcish Mines)

   [ring of poison resistance]

   It affects your strength (+7).
   It protects you from poison.
Wands
 x - a wand of polymorph (46)
 D - a wand of iceblast (6)
 G - a wand of disintegration (29)
 I - a wand of acid (17)
 N - a wand of digging (5)
 O - a wand of paralysis (17)
 U - a wand of flame (39)
Scrolls
 e - a scroll of amnesia
 f - 7 scrolls of fear
 g - 9 scrolls of teleportation
 i - 8 scrolls of identify
 k - 2 scrolls of magic mapping
 l - 19 scrolls of remove curse
 s - 3 scrolls of enchant weapon
 J - 2 scrolls of enchant armour
 Q - 2 scrolls of fog
Potions
 h - 5 potions of curing
 j - a potion of mutation
 m - 2 potions of resistance
 n - 2 potions of heal wounds
 o - 2 potions of lignification
 p - 4 potions of haste
 r - a potion of berserk rage
 C - 6 potions of flight
 K - 2 potions of might
Books
 R - a manual of Polearms
Miscellaneous
 F - a tin of tremorstones (3/3)


   Skills:
 - Level 13.2 Fighting
   Level 9.0(12.8) Axes
 - Level 14.4(15.3) Maces & Flails
 - Level 12.0 Armour
 - Level 12.0 Dodging
 + Level 5.3 Shields
 - Level 4.0 Invocations


You had 15 spell levels left.
You didn't know any spells.
Your spell library contained the following spells:

 Spells                   Type           Power        Failure   Level
 Animate Skeleton         Necr           #.....       98%         1
 Apportation              Tloc           #.....       98%         1
 Corona                   Hex            #......      98%         1
 Magic Dart               Conj           #...         98%         1
 Sting                    Tmut/Pois      #...         98%         1
 Summon Small Mammal      Summ           #...         98%         1
 Poisonous Vapours        Pois/Air       #.....       99%         2
 Searing Ray              Conj           #.....       99%         2
 Slow                     Hex            #.......     99%         2
 Confusing Touch          Hex            #.......     100%        3
 Dazzling Flash           Conj/Hex       #.....       100%        3
 Gell's Gravitas          Tloc           #.........   100%        3
 Ignite Poison            Fire/Tmut/Pois #.......     100%        3
 Inner Flame              Hex/Fire       #.......     100%        3
 Mephitic Cloud           Conj/Pois/Air  #.......     100%        3
 Portal Projectile        Hex/Tloc       #.....       100%        3
 Static Discharge         Conj/Air       #.......     100%        3
 Cause Fear               Hex            #.........   100%        4
 Fulminant Prism          Conj/Hex       #.........   100%        4
 Iskenderun's Mystic Bla  Conj/Tloc      #.......     100%        4
 Leda's Liquefaction      Hex/Erth       #.........   100%        4
 Olgreb's Toxic Radiance  Pois           #.......     100%        4
 Petrify                  Tmut/Erth      #.......     100%        4
 Lightning Bolt           Conj/Air       #.........   100%        5
 Metabolic Englaciation   Hex/Ice        #.........   100%        5
 Yara's Violent Unravell  Hex/Tmut       #.........   100%        5
 Ignition                 Fire           #.........   100%        8
 Shatter                  Erth           #.........   100%        9
 Tornado                  Air            #.........   100%        9


Dungeon Overview and Level Annotations

Branches:
Dungeon (15/15)            Temple (1/1) D:7            Lair (6/6) D:10
 Shoals (0/4) Lair:4       Spider (3/4) Lair:2        Slime (0/5) Lair:6
    Orc (2/2) D:12            Elf (0/3) Orc:2        Vaults (0/5) D:13
 Depths (0/5) D:15

Altars:
Ashenzari
Cheibriados
Dithmenos
Elyvilon
Fedhas
Gozag
Hepliaklqana
Kikubaaqudgha
Makhleb
Nemelex Xobeh
Okawaru
Ru
Trog
Uskayaw
Vehumet
Xom
Yredelemnul
Zin
The Shining One
Beogh

Shops:
D:5 (   D:10 =   D:12 *   Orc:1 =   Orc:2 (}*(

Annotations:
D:6 exclusion: downstairs
D:7 exclusion: downstairs
D:10 exclusion: downstairs
Lair:1 exclusion: 2 oklob plants
Lair:5 exclusion: oklob plant


Innate Abilities, Weirdness & Mutations

You are completely covered in rugged brown scales. (AC +3, +7% HP)
You have supernaturally acute eyesight. (SInv)
Armour fits poorly on your strangely shaped body.
You can roll at foes to attack.
You have a long armoured tail.
You curl defensively after being hit.


Message History

The jumping spider bites you but does no damage.
The jumping spider closely misses you.
The jumping spider bites you but does no damage.
You feel much better.
* * * LOW HITPOINT WARNING * * *
You feel very sick. The jumping spider pounces on you!
* * * LOW HITPOINT WARNING * * *
You are even more entangled.
The jumping spider bites you but does no damage.
The jumping spider closely misses you.
The jumping spider bites you but does no damage.
You feel better. The jumping spider pounces on you!
* * * LOW HITPOINT WARNING * * *
The jumping spider bites you.
* * * LOW HITPOINT WARNING * * *
The jumping spider pounces on you!
* * * LOW HITPOINT WARNING * * *
You are even more entangled.
The jumping spider bites you.
You die...

##... # ^## #...#####.
# ...### ##..>.^....
....^. #..........
.#....##.....#....## #
.................#..###
# ..##........# ......#
# ......††.†.##
#..†#### .....##.†@s#
###..##^ ...###^.^.##
#....... .. #....##
#....... ##..#####
#..†.... #....#.##
###..##.# #.......#
##........ ##.....##
##....##... ##....#
##..####....
##...###...# ....^


You could see a jumping spider (berserk).

Vanquished Creatures
  Asterion (Spider:2)
  A storm dragon (D:14)
  A fire giant (D:15)
  An orc warlord (Orc:1)
  A ghost moth (Spider:1)
  An entropy weaver (Spider:2)
  A war gargoyle (D:14)
  Nessos (Lair:6)
  Fannar (Orc:1)
  4 boulder beetles
  7 hydras
  A catoblepas (Lair:6)
  7 centaur warriors
  An ogre mage (D:13)
  A deep troll shaman (Lair:6)
  3 two-headed ogres
  7 death yaks (Lair:6)
  6 orc high priests
  6 skeletal warriors
  3 unseen horrors
  A lindwurm (Lair:6)
  A deep elf archer (D:13)
  A phantasmal warrior (D:14)
  3 orc knights
  18 ugly things
  5 orb spiders
  7 deep elf magi
  2 orc sorcerers
  7 wolf spiders
  3 cyclopes
  A moth of wrath (Spider:3)
  Psyche (D:12)
  4 elephants (Lair:6)
  2 torpor snails (Lair:6)
  7 black mambas
  17 cane toads
  2 gargoyles (D:13)
  An efreet (D:14)
  2 rime drakes (Lair:6)
  9 komodo dragons
  A rime drake (shapeshifter) (D:13)
  2 kobold demonologists
  11 demonic crawlers
  A freezing wraith (D:15)
  6 trolls
  15 jumping spiders
  27 blink frogs
  2 polar bears
  A harpy skeleton (D:11)
  A hornet (D:8)
  A slime creature (Lair:6)
  7 dream sheep (Lair:5)
  A vampire (D:15)
  Sigmund (D:4)
  2 shadows
  A tarantella (shapeshifter) (D:15)
  23 redbacks
  38 yaks
  2 wraiths
  17 tarantellas
  3 wyverns (Lair:4)
  A steam dragon (Lair:4)
  3 vampire mosquitoes (D:14)
  3 basilisks
  2 wargs
  An acid dragon (D:15)
  Edmund (D:5)
  19 water moccasins
  2 hell hounds (Lair:3)
  46 orc warriors
  7 ice beasts
  6 black bears
  2 eyes of draining
  5 sky beasts
  3 necrophages
  2 phantoms (D:6)
  19 ogres
  11 wolves
  11 centaurs
  2 big kobolds
  A gnoll sergeant (D:8)
  22 bullfrogs
  A wyvern zombie (D:14)
  6 scorpions
  6 killer bees
  17 wights
  4 howler monkeys
  An electric eel (D:12)
  9 jellies
  A bullfrog zombie (D:13)
  2 quasits
  34 orc priests
  5 centaur zombies
  2 hounds
  8 centaur skeletons
  36 orc wizards
  3 bullfrog skeletons
  5 iguanas
  6 hell rats (Lair:4)
  8 worker ants
  A hound zombie (D:7)
  3 hound skeletons
  Robin (D:2)
  2 worker ant zombies
  18 adders
  14 gnolls
  2 shadow imps
  4 white imps
  2 ufetubi
  An ooze (D:2)
  An adder skeleton (D:6)
  An adder zombie (D:9)
  5 worms
  2 dart slugs
  5 leopard geckos
  94 orcs
  A ball python (D:2)
  7 bats
  10 giant cockroaches
  12 hobgoblins
  15 jackals
  18 kobolds
  5 quokkas
  7 frilled lizards
  14 goblins
  A jackal skeleton (D:6)
  A leopard gecko skeleton (D:6)
  A leopard gecko zombie (D:8)
  10 rats
893 creatures vanquished.

Vanquished Creatures (others)
  An orc (D:11)
  A bush (Lair:6)
  56 fungi
  48 plants
106 creatures vanquished.

Grand Total: 999 creatures vanquished

Notes
Turn   | Place    | Note
-------+----------+-------------------------------------------
     0 | D:1      | strifetoe the Palentonga Fighter began the quest for the
                  | Orb.
     0 | D:1      | Reached XP level 1. HP: 20/20 MP: 1/1
   230 | D:1      | Reached XP level 2. HP: 27/27 MP: 2/2
  1004 | D:2      | Reached XP level 3. HP: 33/33 MP: 3/3
  1374 | D:2      | Reached XP level 4. HP: 40/40 MP: 4/4
  1398 | D:2      | Noticed Robin
  1420 | D:2      | Killed Robin
  1873 | D:2      | Reached skill level 5 in Axes
  2386 | D:3      | Reached XP level 5. HP: 48/48 MP: 5/5
  3133 | D:3      | Found a broken altar of Ashenzari.
  3137 | D:3      | Saw a vision of the Shoals and the Spider Nest.
  3137 | D:3      | Noticed a wind drake
  3137 | D:3      | Noticed a merfolk siren
  3137 | D:3      | Noticed a merfolk siren
  3137 | D:3      | Noticed a centaur
  3137 | D:3      | Noticed a sea snake
  3137 | D:3      | Noticed a merfolk
  3137 | D:3      | Noticed a redback
  3137 | D:3      | Noticed a redback
  3137 | D:3      | Noticed a redback
  3138 | D:3      | Noticed a merfolk
  3140 | D:3      | Noticed a hornet
  3375 | D:4      | Noticed Sigmund
  3394 | D:3      | Reached XP level 6. HP: 22/54 MP: 6/6
  4107 | D:4      | Killed Sigmund
  4334 | D:4      | Gained mutation: You curl defensively after being hit.
                  | [Palentonga growth]
  4334 | D:4      | Reached XP level 7. HP: 41/60 MP: 7/7
  5118 | D:4      | Found a radiant altar of Vehumet.
  5231 | D:5      | Entered Level 5 of the Dungeon
  5642 | D:5      | Noticed Edmund
  5671 | D:5      | Reached skill level 1 in Dodging
  5673 | D:5      | Killed Edmund
  5673 | D:5      | Reached XP level 8. HP: 27/70 MP: 8/8
  6107 | D:5      | Found Wixuiss's Weapon Shop.
  7189 | D:6      | Reached skill level 5 in Fighting
  7649 | D:6      | Found a snail-covered altar of Cheibriados.
  8318 | D:7      | Found a burning altar of Makhleb.
  8420 | D:7      | Reached skill level 1 in Maces & Flails
  8423 | D:7      | Reached skill level 2 in Maces & Flails
  8656 | D:7      | Found a sparkling altar of Nemelex Xobeh.
  8689 | D:7      | Found a staircase to the Ecumenical Temple.
  8726 | D:7      | Reached skill level 3 in Maces & Flails
  8732 | D:7      | Reached XP level 9. HP: 47/79 MP: 9/9
  8754 | Temple   | Entered the Ecumenical Temple
  8988 | Temple   | Became a worshipper of Warmaster Okawaru
  9014 | Temple   | Reached skill level 4 in Maces & Flails
  9627 | D:8      | Reached skill level 5 in Maces & Flails
  9826 | D:8      | Reached skill level 6 in Maces & Flails
  9829 | D:8      | Reached * piety under Okawaru
 10012 | D:8      | Found an ancient bone altar of Kikubaaqudgha.
 10013 | D:8      | Found a sacrificial altar of Ru.
 10117 | D:8      | Reached skill level 7 in Maces & Flails
 10144 | D:8      | Noticed a green ugly thing
 10204 | D:8      | Killed a green ugly thing
 10204 | D:8      | Reached skill level 8 in Maces & Flails
 10405 | D:8      | Reached skill level 1 in Invocations
 10774 | D:8      | Noticed a two-headed ogre
 10775 | D:8      | Reached XP level 10. HP: 86/86 MP: 11/11
 10865 | D:8      | Killed a two-headed ogre
 10865 | D:8      | Reached ** piety under Okawaru
 10865 | D:8      | Reached skill level 9 in Maces & Flails
 11035 | D:5      | Bought the +3 morningstar "Newtbane" {vorpal, Str+4} for
                  | 364 gold pieces
 11092 | D:9      | Found a bloodstained altar of Trog.
 11251 | D:9      | Reached skill level 10 in Maces & Flails
 11613 | D:9      | Reached *** piety under Okawaru
 11633 | D:9      | Reached skill level 11 in Maces & Flails
 12046 | D:10     | Entered Level 10 of the Dungeon
 12046 | D:10     | Found Xoruuhyg's Jewellery Shoppe.
 12784 | D:10     | Found a staircase to the Lair.
 12799 | D:10     | Reached skill level 12 in Maces & Flails
 12799 | D:10     | Reached XP level 11. HP: 87/91 MP: 14/14
 13046 | D:10     | Found a blossoming altar of Fedhas.
 13346 | D:11     | Reached **** piety under Okawaru
 13706 | D:11     | Noticed a skeletal warrior
 13707 | D:11     | Noticed a skeletal warrior
 13952 | D:11     | Noticed Maurice
 13965 | D:11     | HP: 4/91 [acid (12)]
 13969 | D:11     | Noticed Maurice
 13969 | D:11     | Maurice changed into Maurice the sky beast
 13975 | D:11     | Killed Maurice the sky beast
 14233 | D:11     | Noticed a skeletal warrior
 14233 | D:11     | Noticed a skeletal warrior
 14242 | D:11     | Noticed a skeletal warrior
 14247 | D:11     | Killed a skeletal warrior
 14589 | D:10     | Killed a skeletal warrior
 14589 | D:10     | Reached skill level 13 in Maces & Flails
 14832 | D:10     | Killed a skeletal warrior
 14856 | D:11     | Killed a skeletal warrior
 14958 | D:11     | Killed a skeletal warrior
 15045 | D:11     | Noticed an unseen horror
 15046 | D:11     | Found an opulent altar of Gozag.
 15052 | D:11     | Killed an unseen horror
 15052 | D:11     | Reached skill level 14 in Maces & Flails
 15615 | D:12     | Noticed a purple ugly thing
 15633 | D:11     | Killed a purple ugly thing
 15819 | Lair:1   | Entered Level 1 of the Lair of Beasts
 15829 | Lair:1   | Reached ***** piety under Okawaru
 16389 | Lair:1   | Noticed an oklob plant
 16389 | Lair:1   | Noticed an oklob plant
 16763 | Lair:1   | Reached XP level 12. HP: 80/101 MP: 15/15
 17294 | Lair:1   | Received a gift from Okawaru
 17318 | Lair:1   | Reached skill level 5 in Armour
 18291 | Lair:2   | Found a hole to the Spider Nest.
 18921 | Lair:3   | You fall into a shaft and drop 3 floors!
 18921 | Lair:6   | Entered Level 6 of the Lair of Beasts
 19308 | Lair:6   | Noticed a death yak
 19308 | Lair:6   | Noticed a death yak
 19308 | Lair:6   | Noticed a death yak
 19308 | Lair:6   | Noticed a death yak
 19308 | Lair:6   | Noticed a catoblepas
 19874 | Lair:6   | Found a staircase to the Slime Pits.
 19946 | Lair:6   | Noticed a five-headed hydra
 19986 | Lair:6   | Killed a five-headed hydra
 20254 | Lair:6   | Reached XP level 13. HP: 63/118 MP: 16/16
 20562 | Lair:6   | Noticed Nessos
 20574 | Lair:6   | Killed Nessos
 20913 | Lair:6   | Received a gift from Okawaru
 21004 | Lair:6   | Reached ****** piety under Okawaru
 21448 | Lair:6   | Reached skill level 10 in Fighting
 22098 | Lair:6   | Reached skill level 5 in Dodging
 23929 | Lair:4   | Received a gift from Okawaru
 24831 | Lair:4   | Found a staircase to the Shoals.
 25372 | Lair:3   | Reached XP level 14. HP: 121/129 MP: 17/17
 26526 | Lair:6   | Reached skill level 10 in Armour
 26539 | Lair:6   | Received a gift from Okawaru
 27129 | D:12     | Found Uklum's Assorted Antiques.
 27137 | D:12     | Bought a jewelled cloak for 199 gold pieces
 27137 | D:12     | Bought a cyan potion for 18 gold pieces
 27217 | D:12     | Identified the cursed -3 cloak of Daisies {Str+4 Stlth+}
                  | (You bought it in a shop on level 12 of the Dungeon)
 27534 | D:12     | Noticed Psyche
 27541 | D:12     | Killed Psyche
 27821 | D:12     | Found a staircase to the Orcish Mines.
 28023 | Orc:1    | Entered Level 1 of the Orcish Mines
 28071 | Orc:1    | Found Suotijor's Jewellery Shop.
 28148 | Orc:1    | Bought the ring "Zisoic Edewn" {rPois Str+7} for 667 gold
                  | pieces
 28164 | Orc:1    | Noticed Fannar
 28184 | Orc:1    | Killed Fannar
 28322 | Orc:1    | Noticed an orc warlord
 28355 | Orc:1    | Killed an orc warlord
 28371 | Orc:1    | Found a roughly hewn altar of Beogh.
 28994 | Orc:1    | Identified the +12 flail "Tian" {vamp, rElec rN+ Int-4
                  | Dex+3}
 29568 | Orc:1    | Found a roughly hewn altar of Beogh.
 30104 | Orc:2    | Entered Level 2 of the Orcish Mines
 30106 | Orc:2    | Received a gift from Okawaru
 30208 | Orc:2    | Found a staircase to the Elven Halls.
 30766 | Orc:2    | Found Tatriwno's General Store.
 30770 | Orc:2    | Found Puvus's Weapon Shop.
 30770 | Orc:2    | Found Juxy Tig's Gadget Shop.
 30777 | Orc:2    | Found Ledwugg's Weapon Boutique.
 31648 | D:13     | Reached XP level 15. HP: 141/141 MP: 16/18
 31712 | D:13     | Got a dazzling chain mail
 31713 | D:13     | Identified the +11 chain mail of the Gastropod {MR+ Str+5}
                  | (You found it on level 13 of the Dungeon)
 31858 | D:13     | Received a gift from Okawaru
 32315 | D:13     | Found a gate to the Vaults.
 32392 | D:14     | Found a shadowy altar of Dithmenos.
 32525 | D:14     | Reached skill level 10 in Dodging
 32713 | D:14     | Found a runed translucent door.
 32714 | D:14     | Noticed a storm dragon
 32715 | D:14     | Found the +7 Singing Sword {vorpal, sonic wave}
 33133 | D:14     | Identified a scroll of acquirement
 33133 | D:14     | Acquired the ring of Biutodegh {+Blink +Fly rElec Stlth+}
 33206 | D:14     | Killed a storm dragon
 33234 | D:15     | Entered Level 15 of the Dungeon
 33252 | D:15     | Received a gift from Okawaru
 33329 | D:15     | Found a staircase to the Depths.
 33329 | D:15     | Noticed a fire giant
 33340 | D:15     | Killed a fire giant
 34165 | Spider:1 | Entered Level 1 of the Spider Nest
 34349 | Spider:1 | Noticed a ghost moth
 34359 | Spider:1 | Killed a ghost moth
 34433 | Spider:1 | Reached XP level 16. HP: 115/148 MP: 9/19
 35470 | Spider:2 | Identified the +3 kite shield of Wu Jian's Castigation
                  | {Dex+8}
 35470 | Spider:2 | Noticed Asterion
 35489 | Spider:2 | Killed Asterion
 35706 | Spider:2 | Received a gift from Okawaru
 35913 | Spider:2 | Got a scorched morningstar
 35914 | Spider:2 | Identified the +6 morningstar "Oqigh" {flame, Str+2} (You
                  | found it on level 2 of the Spider Nest)
 36542 | Spider:3 | Reached skill level 5 in Shields
 36610 | Spider:3 | HP: 4/154 [jumping spider (11)]
 36610 | Spider:3 | Slain by a jumping spider

Illustrated notes

Levels and vault maps discovered:
D:1:      sevenhm_arrival_forest_fort_small_6, layout_basic
D:2:      layout_basic, uniq_robin
D:3:      layout_loops_cross, grunt_ashenzari_visionary
          [grunt_ashenzari_visionary_shoals, grunt_ashenzari_visionary_spider]
D:4:      layout_gridville, vehumet_crystals, uniq_sigmund
D:5:      layout_rooms, serial_shops, shop, uniq_edmund
D:6:      layout_cave_pods, kennysheep_mini, kennysheep_generic_room_8
D:7:      layout_loops_cross, old_standard_altar, minmay_temple_entry_glass,
          basic_altar
D:8:      layout_rooms, gammafunk_temple_overflow_statue, serial_curves,
          eino_curves_01, eino_curves_02, eino_curves_01, eino_curves_01,
          chequers_serial_rivers_micro_e
D:9:      layout_rooms, trog_ov_bears_minmay, grunt_ministairs_15
D:10:     layout_long_grid, lair_entry_dummy, serial_shops, shop,
          lemuel_statue_altar
D:11:     layout_loops_ring, grunt_gozag_statues, uniq_maurice
D:12:     layout_small_grid, erik_orc_2, serial_shops, shop, uniq_psyche
D:13:     layout_cave_pools, hangedman_vaults_entry_quadrant_bands
D:14:     layout_roguey, grunt_dithmenos_smoke_and_mirrors,
          kennysheep_treasure_room
D:15:     grunt_enter_depths_giant_problem, layout_loops_ring,
          minmay_misc_feat_chi
Temple:   regret_index_temple_sphere_string
Lair:1:   layout_cave_shapes, minmay_lair_oklob_chamber
Lair:2:   layout_roguey, nicolae_spider_entry_non_spiders
Lair:3:   layout_loops_ring, enter_volcano_3
Lair:4:   layout_regular_city, shoals_dummy_entry, hibernation_bobbens
Lair:5:   layout_regular_city, serial_bayou_shore_b
Lair:6:   grunt_lair_end_beastmaster, layout_long_grid,
          minmay_slime_entry_pillars, guppyfry_lair_drakes, uniq_nessos
Spider:1: layout_spider_delve
Spider:2: layout_chambers, hive_lemuel, uniq_asterion
Spider:3: layout_spider_delve, spiders_nest_ghost_moth_duel
Orc:1:    orc_temple, layout_caves, serial_shops, nicolae_shop_waterfront,
          david_defended_altar_orc, uniq_fannar
Orc:2:    st_orc_mages, layout_diamond_mine

Skill      XL: |  1  2  3  4  5  6  7  8  9 10 11 12 13 14 15 16 |
---------------+-------------------------------------------------+-----
Axes           | 3 4 5 6 7 9 |  9.0
Dodging        | 1 3 7 8 12 | 12.0
Fighting       | 5 9 10 12 13 | 13.2
Armour         | 3 4 7 9 11 12 | 12.0
Maces & Flails | 3 8 12 14 | 14.4
Invocations    | 2 4 |  4.0
Shields        | 3 4 5 |  5.3

Action                   |  1- 3 |  4- 6 |  7- 9 | 10-12 | 13-15 | 16-18 || total
-------------------------+-------+-------+-------+-------+-------+-------++-------
Melee: War axe           |   110 |   197 |   206 |       |       |       ||   513
       Tailslap          |    13 |    18 |    59 |   119 |   343 |    78 ||   630
       Flail             |       |       |   200 |    18 |   707 |   227 ||  1152
       Morningstar       |       |       |       |   689 |   779 |       ||  1468
Invok: Heroism           |       |       |     1 |    14 |    21 |     1 ||    37
       Finesse           |       |       |       |       |     1 |       ||     1
 Abil: Rolling Charge    |       |       |     1 |       |       |       ||     1
Evoke: Wand              |       |       |     4 |    12 |    16 |       ||    32
       Tin of tremorston |       |       |       |       |     2 |       ||     2
  Use: Scroll            |       |     4 |     4 |    15 |    12 |     1 ||    36
       Potion            |       |     1 |     1 |     2 |     3 |     4 ||    11
 Stab: Distracted        |       |     1 |       |       |       |       ||     1
       Paralysed         |       |       |     3 |     6 |       |       ||     9
Armor: Scale mail        |    54 |   123 |    81 |       |   206 |       ||   464
       Plate armour      |       |       |   106 |   341 |   213 |       ||   660
       Chain mail        |       |       |       |       |   166 |   188 ||   354
Dodge: Dodged            |    34 |    50 |    63 |    88 |   491 |   241 ||   967
Block: Kite shield       |    54 |   121 |   188 |   293 |   745 |   210 ||  1611

Table legend: (Time is in decaauts)
 A = Elapsed time spent in this place.
 B = Non-inter-level travel time spent in this place.
 C = Inter-level travel time spent in this place.
 D = Time resting spent in this place.
 E = Time spent auto-exploring this place.
 F = Levels seen in this place.
 G = Mean time per level.
                   A        B        C        D        E       F      G
               +--------+--------+--------+--------+--------+-----+--------+
         Total |  36264 |  34993 |   1271 |  10066 |  17486 |  27 | 1343.1 |
       Dungeon |  19895 |  19069 |    826 |   6376 |   8890 |  15 | 1326.3 |
        Temple |    269 |    256 |     13 |      0 |    226 |   1 |  269.0 |
          Lair |  10719 |  10374 |    345 |   2764 |   5612 |   6 | 1786.5 |
   Spider Nest |   2369 |   2322 |     47 |    131 |   1701 |   3 |  789.7 |
  Orcish Mines |   3011 |   2972 |     39 |    795 |   1057 |   2 | 1505.5 |
               +--------+--------+--------+--------+--------+-----+--------+

Top non-repeatable levels by time:
  Lair:6: 3970 daAuts
    D:10: 2713 daAuts
   Orc:1: 2000 daAuts
     D:5: 1808 daAuts
     D:3: 1791 daAuts
  Lair:1: 1747 daAuts
  Lair:4: 1583 daAuts
  Lair:5: 1517 daAuts
     D:6: 1481 daAuts
    D:11: 1444 daAuts
    D:12: 1402 daAuts
     D:2: 1402 daAuts
     D:8: 1213 daAuts
Spider:2: 1193 daAuts
     D:4: 1167 daAuts
